 Dungeon Crawl Stone Soup version 0.28.0-49-g6dfe1f597d (webtiles) character file.

Game seed: 17342909370991540691

165 Exodus22XD the Covered (level 5, -2/36 (47) HPs)
             Began as a Minotaur Fighter on May 20, 2022.
             Was a Priest of Ru.
             Slain by an orc wizard
             ... wielding a +2 dagger of draining
              (4 damage)
             ... on level 4 of the Dungeon.
             The game lasted 00:02:22 (2132 turns).

Exodus22XD the Covered (Minotaur Fighter)           Turns: 2132, Time: 00:02:23

HP:   -2/36 (47)    AC:  7    Str: 22    XL:     5   Next: 21%
MP:   4/4           EV:  9    Int:  5    God:    Ru [***...]
Gold: 59            SH:  0    Dex: 10    Spells: 4/4 levels left

rFire   + . .      SeeInvis .   a - +0 war axe
rCold   . . .      Faith    .   c - +0 buckler
rNeg    . . .      Spirit   .   b - +0 scale mail
rPois   .          Reflect  .   (helmet restricted)
rElec   .          Harm     .   (no cloak)
rCorr   .          Rampage  .   (no gloves)
Will    .....                   (no boots)
Stlth   ..........              (no amulet)
HPRegen 0.12/turn               e - ring of protection from fire
MPRegen 0.09/turn               (no ring)

@: confused, heavily drained
A: horns 2, inability to use devices, no ice magic, no translocations magic, no
transmutations magic, retaliatory headbutt
a: Renounce Religion, Draw Out Power


You were on level 4 of the Dungeon.
You worshipped Ru.
Ru was most pleased with you.
You visited 1 branch of the dungeon, and saw 4 of its levels.

You collected 59 gold pieces.

Inventory:

Hand Weapons
 a - a +0 war axe (weapon)
Armour
 b - a +0 scale mail (worn)
 c - a +0 buckler (worn)
Jewellery
 e - a ring of protection from fire (left hand)
 n - a ring of flight
Scrolls
 f - 2 scrolls of magic mapping {unknown}
 j - 2 scrolls of blinking {unknown}
 k - a scroll of identify {unknown}
 l - a scroll of fog {unknown}
Potions
 d - a potion of might
 g - 3 potions of curing {unknown}
 h - a potion of heal wounds {unknown}
 i - a potion of haste {unknown}
 m - a potion of resistance {unknown}
 o - a potion of degeneration {unknown}


   Skills:
 + Level 4.5 Fighting
 + Level 4.4 Axes
 + Level 4.8 Armour
 + Level 4.3 Shields


You had 4 spell levels left.
You didn't know any spells.
Your spell library was empty.

Dungeon Overview and Level Annotations

Branches:
Dungeon (4/15)
 Temple: D:4-7

Altars:
Ru

Shops:
D:1 !


Innate Abilities, Weirdness & Mutations

You have a pair of horns on your head.
You cannot study or use magical devices.
You cannot study or cast Ice magic.
You cannot study or cast Translocations magic.
You cannot study or cast Transmutations magic.
You reflexively headbutt those who attack you in melee.


Message History

Something hits you but does no damage.
You closely miss something. Your headbutt misses something.
You closely miss something. You miss something. Something hits you. x2
You hear some strange, mumbled words.
A magic dart appears from out of thin air!
The magic dart hits you.
* * * LOW HITPOINT WARNING * * *
You miss something. x3
You hear some strange, mumbled words.
A puff of flame appears from out of thin air!
The puff of flame misses you.
Something hits you but does no damage. x3
You feel drained.
You completely miss something. Your headbutt misses something.
You closely miss something. You miss something.
Something hits you but does no damage.
You hear some strange, mumbled words.
You are more confused.
Something hits you.
* * * LOW HITPOINT WARNING * * *
Something hits you but does no damage.
You miss something. Your headbutt misses something. You closely miss something.
You barely miss something. Something hits you but does no damage.
You feel drained.
You hear some strange, mumbled words.
A magic dart appears from out of thin air!
The magic dart hits you.
* * * LOW HITPOINT WARNING * * *
Something hits you but does no damage.
You barely miss something. You miss something. You closely miss something.
You hear some strange, mumbled words.
A puff of flame appears from out of thin air!
The puff of flame hits you. You resist.
* * * LOW HITPOINT WARNING * * *
You focus your inner power and illuminate something in retribution!
Something hits you.
* * * LOW HITPOINT WARNING * * *
Something hits you.
* * * LOW HITPOINT WARNING * * *
The orc wizard hits you with a +2 dagger of draining.
You die...

. #.#.### #.
#.....#
###.###.....###
.............
#.#.#.....#
#.........######.#
#.#.#.#.###......#
#...{......)######
#.#.#@####<##
#...o{# #.#
###.### #.# #. #.#
. #.# .. #.. ..
..# .#. #.#


You could see an orc wizard (invisible, corona).

Vanquished Creatures
  Ijyb (D:3)
  Robin (D:2)
  5 adders
  3 dart slugs
  2 orcs (D:4)
  3 ball pythons
  7 bats
  9 endoplasms
  2 giant cockroaches
  14 goblins
  7 hobgoblins
  2 jackals (D:1)
  7 kobolds
  4 quokkas
  2 frilled lizards (D:2)
  5 rats
74 creatures vanquished.

Notes
Turn   | Place    | Note
-------+----------+-------------------------------------------
     0 | D:1      | Exodus22XD the Minotaur Fighter began the quest for the
                  | Orb.
     0 | D:1      | Reached XP level 1. HP: 19/19 MP: 0/0
    30 | D:1      | Found a faded altar of an unknown god.
    38 | D:1      | Prayed at the altar of an unknown god.
    38 | D:1      | Became a worshipper of Ru the Awakened
    58 | D:1      | Gained mutation: You cannot study or cast Ice magic. [Ru
                  | sacrifice]
    58 | D:1      | Gained mutation: You cannot study or cast Transmutations
                  | magic. [Ru sacrifice]
    58 | D:1      | Gained mutation: You cannot study or cast Translocations
                  | magic. [Ru sacrifice]
    58 | D:1      | Reached * piety under Ru
    85 | D:1      | Found Dyetzy's Distillery.
   124 | D:1      | Reached XP level 2. HP: 21/27 MP: 1/1
   707 | D:2      | Reached XP level 3. HP: 28/33 MP: 2/2
   972 | D:2      | Noticed Robin
   974 | D:2      | Reached XP level 4. HP: 37/40 MP: 3/3
   991 | D:2      | Killed Robin
  1137 | D:2      | You fall into a shaft and drop 1 floor!
  1855 | D:3      | Noticed Ijyb
  1859 | D:3      | Paralysed by Ijyb for 4 turns
  1860 | D:3      | Reached XP level 5. HP: 47/47 MP: 4/4
  1869 | D:3      | Paralysed by Ijyb for 3 turns
  1872 | D:3      | Killed Ijyb
  1998 | D:3      | Gained mutation: You cannot study or use magical devices.
                  | [Ru sacrifice]
  1998 | D:3      | Reached ** piety under Ru
  1998 | D:3      | Reached *** piety under Ru
  2132 | D:4      | Slain by an orc wizard

Illustrated notes

Levels and vault maps discovered:
D:1:      minmay_arrival_arboretum_small, layout_basic,
          hellmonk_ecumenical_altar_arch_garden, serial_shops, shop,
          serial_forest, infiniplex_forest_straight_3,
          infiniplex_forest_lined_room_, infiniplex_forest_clump_diagonal,
          infiniplex_forest_join, infiniplex_forest_lined_room_2,
          infiniplex_forest_clump_small, infiniplex_forest_zigzag_1,
          skrybe_limestone_x, minmay_misc_feat_chi
D:2:      layout_rooms, st_stairs_2, uniq_robin
D:3:      layout_basic, uniq_ijyb
D:4:      layout_loops_ring, minmay_temple_entry_tees, minmay_fractal_squares_5

Skill      XL: |  1  2  3  4 |
---------------+-------------+-----
Fighting       | 4 |  4.5
Armour         | 4 |  4.8
Shields        | 4 |  4.3
Axes           | 3 4 |  4.4

Action                   |  1- 3 |  4- 6 || total
-------------------------+-------+-------++-------
Melee: War axe           |    61 |   100 ||   161
       Headbutt          |     8 |    12 ||    20
Invok: Sacrifice Arcana  |     1 |       ||     1
       Sacrifice Artific |       |     1 ||     1
Armor: Scale mail        |    27 |    55 ||    82
Dodge: Dodged            |    35 |    40 ||    75
Block: Buckler           |     9 |     8 ||    17
